 Dungeon Crawl Stone Soup version 0.19.1 (webtiles) character file.

27134 galech the Cleaver (level 13, -10/123 HPs)
             Began as a Deep Dwarf Fighter on Dec 10, 2016.
             Was a Priest of Elyvilon.
             Killed from afar by an orc sorcerer (18 damage)
             ... with a bolt of negative energy
             ... on level 2 of the Orcish Mines.
             The game lasted 01:18:11 (14367 turns).

galech the Cleaver (Deep Dwarf Fighter)            Turns: 14367, Time: 01:18:12

Health: -10/123    AC: -2    Str: 25      XL:     13   Next: 2%
Magic:  11/16      EV:  6    Int:  8 (9)  God:    Elyvilon [***...]
Gold:   1896       SH: 12    Dex: 12      Spells: 0 memorised, 12 levels left

rFire  + . .     SeeInvis +     T - +4 hand axe (chop)
rCold  . . .     Gourm    .     M - +4 plate armour
rNeg   . . .     Faith    .     v - +0 shield
rPois  +         Spirit   .     (no helmet)
rElec  .         Reflect  .     f - +1 cloak
rCorr  .         Harm     .     (no gloves)
MR     +....                    F - +0 pair of boots
Stlth  ..........               (no amulet)
                                x - ring of see invisible
                                D - ring of Utsiur {Wiz rPois rF+}

@: corroded, non-regenerating, heavily drained
A: damage resistance, recharge devices, thin metallic scales 1, yellow scales 1,
mutation resistance 1, sense surroundings 2, slow regeneration 3
a: Device Recharging, Lesser Healing, Heal Other, Purification, Divine
Protection, Renounce Religion


You were on level 2 of the Orcish Mines.
You worshipped Elyvilon.
Elyvilon was most pleased with you.
You were very hungry.

You visited 4 branches of the dungeon, and saw 19 of its levels.
You also visited: Bailey.

You collected 1923 gold pieces.
You spent 27 gold pieces at shops.

Inventory:

Hand Weapons
 T - a +4 hand axe of chopping (weapon)
Missiles
 L - 7 silver tomahawks (quivered)
Armour
 f - a +1 cloak (worn)
 v - a +0 shield (worn)
 F - a +0 pair of boots (worn)
 M - a +4 plate armour (worn)
 S - a +0 plate armour of fire resistance
Jewellery
 x - a ring of see invisible (right hand)
 D - the ring of Utsiur (left hand) {Wiz rPois rF+}
   (You found it on level 12 of the Dungeon)

   [ring of wizardry]

   It improves your spell success rate.
   It protects you from fire.
   It protects you from poison.
 Q - an uncursed ring of flight
 U - an uncursed ring of ice
Wands
 a - a wand of iceblast (8/15)
 c - a wand of acid (4/15)
 e - a wand of heal wounds (0/9)
 H - a wand of teleportation (4/9)
 J - a wand of digging (14/24)
 O - a wand of flame (25/48)
Scrolls
 g - 3 scrolls of amnesia
 i - 3 scrolls of immolation
 j - 5 scrolls of magic mapping
 m - 2 scrolls of remove curse
 o - 4 scrolls of teleportation
 p - 2 scrolls of fog
 s - 3 scrolls of enchant weapon {unknown}
 t - 4 scrolls of blinking
 u - a scroll of noise {unknown}
 w - a scroll of random uselessness {unknown}
 C - a scroll of enchant armour {unknown}
 E - a scroll of fear {unknown}
 G - 4 scrolls of recharging {unknown}
Potions
 d - 3 potions of might
 n - 2 potions of resistance {unknown}
 q - 7 potions of curing
 A - 2 potions of invisibility {unknown}
 K - a potion of lignification {unknown}
 P - a potion of magic {unknown}
 W - a potion of cancellation {unknown}
 X - 3 potions of cure mutation {unknown}
 Y - a potion of mutation
 Z - 3 potions of heal wounds {unknown}
Books
 b - a book of Misfortune

   Spells                             Type                      Level
   a - Confusing Touch                Hexes                        1
   b - Confuse                        Hexes                        3
   c - Gell's Gravitas                Hexes/Translocation          3
   d - Petrify                        Transmutation/Earth          4
   e - Metabolic Englaciation         Hexes/Ice                    5
   f - Yara's Violent Unravelling     Hexes/Transmutation          5
 k - a book of Battle

   Spells                             Type                      Level
   a - Infusion                       Charms                       1
   b - Shroud of Golubria             Charms/Translocation         2
   c - Song of Slaying                Charms                       2
   d - Spectral Weapon                Hexes/Charms                 3
   e - Regeneration                   Charms/Necromancy            3
 y - a book of Enchantments

   Spells                             Type                      Level
   a - Cause Fear                     Hexes                        4
   b - Yara's Violent Unravelling     Hexes/Transmutation          5
   c - Silence                        Hexes/Air                    5
   d - Deflect Missiles               Charms/Air                   6
   e - Discord                        Hexes                        8
 I - a book of Minor Magic

   Spells                             Type                      Level
   a - Magic Dart                     Conjuration                  1
   b - Blink                          Translocation                2
   c - Call Imp                       Summoning                    2
   d - Repel Missiles                 Charms/Air                   2
   e - Slow                           Hexes                        2
   f - Conjure Flame                  Conjuration/Fire             3
   g - Mephitic Cloud                 Conjuration/Poison/Air       3
Miscellaneous
 N - a lamp of fire
 V - a crystal ball of energy
Comestibles
 h - 7 meat rations
 l - 13 fruits
 r - 2 beef jerkies
 z - 8 slices of pizza
 B - 9 chunks of flesh


   Skills:
 + Level 10.1(6.9) Fighting
 + Level 13.0(9.5) Axes
 + Level 11.2(7.9) Armour
 - Level 2.0(0.0) Dodging
 - Level 1.1(0.0) Stealth
 + Level 11.9(8.5) Shields
 + Level 6.2(3.2) Invocations
 - Level 0.6(0.0) Evocations


You had 12 spell levels left.
You didn't know any spells.

Dungeon Overview and Level Annotations

Branches:
Dungeon (13/15)            Temple (1/1) D:5            Lair (3/6) D:8
    Orc (2/2) D:11            Elf (0/3) Orc:2
  Swamp: Lair:2-4    Shoals: Lair:2-4     Snake: Lair:2-4    Spider: Lair:2-4
 Vaults: D:13-14

Altars:
Elyvilon
Fedhas
Gozag
Kikubaaqudgha
Makhleb
Nemelex Xobeh
Okawaru
Ru
Sif Muna
Trog
Vehumet
Yredelemnul
The Shining One

Shops:
D:10 (   D:11 !   Orc:2 (


Innate Abilities, Weirdness & Mutations

You are resistant to damage.
You can recharge devices by infusing magical energy.
You passively map the area around you.
You do not regenerate.
You are partially covered in thin metallic scales. (AC +2)
You are partially covered in yellow scales. (AC +2)
You are somewhat resistant to further mutation.


Message History

The puff of flame hits you! You resist.
* * * LOW HITPOINT WARNING * * *
You block the neqoxec's attack. The neqoxec gestures at you.
You feel dopey. Something feeds on your intellect!
The orc sorcerer mumbles some strange words.
The orc wizard casts a spell at you. You block the puff of flame.
The hellwing swoops through the air toward you!
The hellwing hits you!
* * * LOW HITPOINT WARNING * * *
You block the hellwing's attack. The hellwing hits you!
* * * LOW HITPOINT WARNING * * *
The hellwing hits you.
You are healed.
You feel somewhat more hungry.
The orc sorcerer points at you and mumbles some strange words.
The bolt of negative energy hits you!
You feel drained.
You die...

#. #. ####### ## ####
#####§≈≈≈≈#####
#§§≈##≈≈§≈§≈≈≈≈§≈≈≈# *
≈≈... #...§≈≈≈≈≈§≈# *
≈###8..+....≈≈§.8###≈
#_....#.8.3.......### *
#....o)).4o.@.......#≈§ *
*
,8.....#.o≈§§4..≈§≈..##≈≈#
# **
o....,#####§..#####.∩#§≈#
### ....
*#§...§≈≈..##≈≈###.. *#..,
, ≈#≈...§....#≈§≈##... ##
, , #≈......###≈##≈.##. ,
, #§.).####≈§≈##≈.##. *, *
#≈...§≈≈§§§≈≈≈..... ≈ *
#§§.)....§[..)..)..


You could see a hellwing, a rust devil, a neqoxec, an orc sorcerer and 2 orc
wizards.

Vanquished Creatures
  Erolcha (D:9)
  A hydra (D:8)
  An ogre mage (Orc:2)
  The ghost of Apogee the Protected, a novice MiFi of Okawaru (Lair:1)
  A queen ant (Lair:2)
  Sonja (Lair:2)
  A hill giant (D:10)
  An orc knight (Orc:2)
  7 orc sorcerers
  3 black mambas
  A spiny frog (shapeshifter) (D:11)
  5 elephants (Lair:2)
  2 spiny frogs (Lair:1)
  2 kobold demonologists (D:11)
  2 komodo dragons
  6 trolls
  Grinder (D:6)
  2 dream sheep (D:8)
  A blink frog (Lair:1)
  5 hippogriffs
  A wyvern (Lair:1)
  2 yaks (D:8)
  A basilisk (Lair:2)
  2 hungry ghosts
  A warg (Orc:2)
  6 soldier ants (Lair:2)
  5 water moccasins
  4 porcupines
  13 orc warriors
  3 ice beasts
  16 ogres
  3 sky beasts
  An eye of draining (D:10)
  3 phantoms
  A hornet zombie (D:10)
  2 necrophages
  3 wolves (Lair:1)
  5 centaurs
  8 crocodiles
  8 big kobolds
  12 bullfrogs
  A wyvern zombie (D:10)
  A gnoll sergeant (D:10)
  A water moccasin skeleton (D:8)
  3 scorpions
  5 killer bees (D:11)
  8 howler monkeys
  3 crimson imps
  A centaur zombie (D:7)
  6 hounds
  6 jellies
  4 quasits
  4 orc priests
  16 orc wizards
  3 bullfrog skeletons
  3 iguanas
  26 worker ants
  A hound zombie (D:6)
  2 hound skeletons
  2 howler monkey zombies (D:7)
  A worker ant zombie (D:11)
  7 gnolls
  14 adders
  A howler monkey skeleton (D:7)
  4 shadow imps
  An adder skeleton (D:9)
  4 worms
  3 dart slugs
  7 leopard geckos
  47 orcs
  5 bats
  7 giant cockroaches
  6 goblins
  6 hobgoblins
  8 jackals
  6 quokkas
  2 ball pythons (D:5)
  5 frilled lizards
  2 goblin skeletons (D:9)
  A goblin zombie (D:9)
  38 kobolds
  A kobold skeleton (D:9)
  A kobold zombie (D:9)
  A leopard gecko skeleton (D:4)
  An orc skeleton (D:9)
  2 orc zombies (D:9)
  2 quokka zombies
  9 rats
  A spectral orc (D:5)
  A fungus (Lair:2)
  A plant (Lair:2)
436 creatures vanquished.

Notes
Turn   | Place    | Note
-------+----------+-------------------------------------------
     0 | D:1      | galech the Deep Dwarf Fighter began the quest for the Orb.
     0 | D:1      | Reached XP level 1. HP: 20/20 MP: 1/1
   133 | D:1      | Reached XP level 2. HP: 25/27 MP: 2/2
   726 | D:2      | Reached XP level 3. HP: 30/33 MP: 3/3
   731 | D:2      | Reached skill level 3 in Axes
   740 | D:2      | Reached XP level 4. HP: 28/42 MP: 4/4
  1044 | D:2      | Reached skill level 4 in Axes
  1153 | D:2      | Reached XP level 5. HP: 47/49 MP: 5/5
  1308 | D:3      | Found an iron altar of Okawaru.
  1477 | D:3      | Found a white marble altar of Elyvilon.
  1490 | D:3      | Noticed a phantom
  1548 | D:3      | Killed a phantom
  1548 | D:3      | Reached skill level 5 in Axes
  1548 | D:3      | Reached skill level 1 in Dodging
  1763 | D:3      | Reached XP level 6. HP: 52/56 MP: 6/6
  1820 | D:3      | Found an opulent altar of Gozag.
  2618 | D:3      | Became a worshipper of Elyvilon the Healer
  2718 | D:4      | Got an ichor-stained mace
  2994 | D:4      | Reached * piety under Elyvilon
  3254 | D:5      | Entered Level 5 of the Dungeon
  3275 | D:5      | Reached skill level 6 in Axes
  3275 | D:5      | Reached skill level 5 in Shields
  3275 | D:5      | Reached XP level 7. HP: 38/62 MP: 6/6
  3355 | D:5      | Found a blossoming altar of Fedhas.
  3506 | D:5      | Found a staircase to the Ecumenical Temple.
  3512 | Temple   | Entered the Ecumenical Temple
  3594 | D:5      | Found a basalt altar of Yredelemnul.
  4048 | D:6      | Found a bloodstained altar of Trog.
  4101 | D:6      | Reached skill level 7 in Axes
  4101 | D:6      | Reached skill level 1 in Invocations
  4117 | D:6      | Reached ** piety under Elyvilon
  4175 | D:6      | Reached XP level 8. HP: 60/72 MP: 7/7
  4217 | D:6      | Noticed Grinder
  4224 | D:6      | Reached skill level 5 in Armour
  4235 | D:6      | Killed Grinder
  4235 | D:6      | Reached skill level 8 in Axes
  4235 | D:6      | Reached skill level 1 in Stealth
  4473 | D:6      | Reached skill level 9 in Axes
  4478 | D:6      | Gained mutation: You are partially covered in thin metallic scales. (AC +2) [mutagenic meat]
  4480 | D:6      | Gained mutation: You are partially covered in yellow scales. (AC +2) [mutagenic meat]
  4481 | D:6      | Gained mutation: You are somewhat resistant to further mutation. [mutagenic meat]
  4552 | D:6      | Gained mutation: You passively map the area around you. [Deep Dwarf growth]
  4552 | D:6      | Reached XP level 9. HP: 74/79 MP: 9/9
  4723 | D:7      | Found a sparkling altar of Nemelex Xobeh.
  4805 | D:7      | Reached skill level 5 in Fighting
  5008 | D:7      | Reached *** piety under Elyvilon
  5203 | D:7      | Found a burning altar of Makhleb.
  5206 | D:7      | Noticed a green death
  5211 | D:7      | Noticed an orange demon
  5211 | D:7      | Noticed an orange demon
  6062 | D:8      | Found a deep blue altar of Sif Muna.
  6101 | D:8      | Reached skill level 10 in Axes
  6125 | D:8      | Reached XP level 10. HP: 79/92 MP: 10/10
  6167 | D:8      | Noticed a two-headed hydra
  6172 | D:8      | Killed a one-headed hydra
  6486 | D:8      | Found a staircase to the Lair.
  6627 | Lair:1   | Entered Level 1 of the Lair of Beasts
  6922 | Lair:1   | Noticed a spiny frog
  6952 | Lair:1   | Killed a spiny frog
  7025 | Lair:1   | Noticed a spiny frog
  7044 | Lair:1   | Killed a spiny frog
  7117 | Lair:1   | Noticed a black mamba
  7137 | Lair:1   | Killed a black mamba
  7137 | Lair:1   | Reached skill level 11 in Axes
  7173 | Lair:1   | Noticed Apogee's ghost (novice MiFi)
  7311 | Lair:1   | Killed Apogee's ghost
  7311 | Lair:1   | Reached XP level 11. HP: 73/100 MP: 11/11
  7464 | Lair:1   | You fall through a shaft!
  7813 | D:9      | Found a glowing golden altar of the Shining One.
  7866 | D:9      | Noticed Erolcha
  7879 | D:9      | Killed Erolcha
  7942 | D:9      | Found an ancient bone altar of Kikubaaqudgha.
  7960 | D:9      | Reached **** piety under Elyvilon
  8037 | D:9      | Found a sacrificial altar of Ru.
  8508 | D:10     | Entered Level 10 of the Dungeon
  8508 | D:10     | Found Putsozepn's Antique Weapon Emporium.
  8778 | D:10     | Reached skill level 10 in Shields
  8950 | D:10     | Found a flagged portal.
  8963 | Bailey   | Entered a bailey
  9312 | D:10     | Noticed a hill giant
  9319 | D:10     | Killed a hill giant
 10070 | D:11     | Noticed a sixfirhy
 10097 | D:11     | Reached skill level 10 in Armour
 10286 | D:11     | Found Gero's Distillery.
 10308 | D:11     | Bought a potion of mutation for 27 gold pieces
 10540 | D:11     | Found a staircase to the Orcish Mines.
 10552 | Orc:1    | Entered Level 1 of the Orcish Mines
 10609 | Orc:1    | Reached skill level 12 in Axes
 10681 | Orc:1    | Noticed a stone giant
 10847 | D:12     | Got a scorched tin ring
 10850 | D:12     | Identified the ring of Utsiur {Wiz rPois rF+} (You found it on level 12 of the Dungeon)
 10957 | D:12     | Noticed a seven-headed hydra
 11475 | Lair:2   | Reached XP level 12. HP: 110/114 MP: 12/12
 11557 | Lair:2   | Noticed a queen ant
 11577 | Lair:2   | Killed a queen ant
 11866 | Lair:2   | Noticed Sonja
 11890 | Lair:2   | Killed Sonja
 12518 | Lair:3   | Noticed an eight-headed hydra
 13182 | Orc:2    | Entered Level 2 of the Orcish Mines
 13218 | Orc:1    | Paralysed by an orc sorcerer for 3 turns
 13295 | Orc:2    | Found a staircase to the Elven Halls.
 13415 | Orc:2    | Reached skill level 5 in Invocations
 13562 | Orc:2    | Reached skill level 10 in Fighting
 13675 | Orc:2    | Found a radiant altar of Vehumet.
 14103 | Orc:2    | Paralysed by an orc sorcerer for 3 turns
 14197 | Orc:2    | Noticed an ogre mage
 14211 | Orc:2    | Killed an ogre mage
 14211 | Orc:2    | Reached skill level 13 in Axes
 14247 | Orc:2    | Reached XP level 13. HP: 122/123 MP: 16/16
 14258 | Orc:2    | Found Lurof's Antique Weapon Boutique.
 14281 | Orc:2    | Found an ancient bone altar of Kikubaaqudgha.
 14366 | Orc:2    | HP: 3/123 [hellwing[an orc sorcerer] (13)]
 14367 | Orc:2    | Killed from afar by an orc sorcerer

Skill      XL: |  1  2  3  4  5  6  7  8  9 10 11 12 |
---------------+-------------------------------------+-----
Fighting       | 3 4 6 7 9 10 | 10.1
Axes           | 3 4 5 6 7 9 10 11 12 13 | 13.0
Shields        | 4 5 6 8 9 10 11 | 11.9
Armour         | 4 5 7 8 10 11 | 11.2
Dodging        | 1 2 |  2.0
Invocations    | 1 2 6 |  6.2
Stealth        | 1 |  1.1
Evocations     | |  0.6

Action                   |  1- 3 |  4- 6 |  7- 9 | 10-12 | 13-15 || total
-------------------------+-------+-------+-------+-------+-------++-------
Melee: War axe           |    76 |   214 |   388 |     7 |       ||   685
       Hand axe          |       |       |       |  1534 |    71 ||  1605
Invok: Lesser Healing    |       |       |    32 |   221 |     7 ||   260
       Greater Healing   |       |       |       |     3 |       ||     3
 Abil: Device Recharging |       |     1 |       |       |       ||     1
Evoke: Wand              |       |     5 |       |     2 |     2 ||     9
  Use: Scroll            |       |       |       |    11 |       ||    11
  Eat: Chunk             |       |     7 |    14 |    26 |       ||    47
       Fruit             |       |     1 |     1 |     7 |       ||     9
       Bread ration      |       |       |     1 |     8 |       ||     9
Armor: Scale mail        |    44 |    79 |     8 |       |       ||   131
       Plate armour      |       |       |   182 |   713 |    32 ||   927
Dodge: Dodged            |    30 |    59 |    86 |   319 |    25 ||   519
Block: Shield            |    50 |   106 |   206 |   883 |    52 ||  1297
